 Dungeon Crawl Stone Soup version 0.30.0-5-g1a98f26d00 (webtiles) character file.

Game seed: 6670272725670785289

21 Jarnaxa the Gusty (level 2, -3/15 HPs)
             Began as a Deep Elf Air Elementalist on May 8, 2023.
             Engulfed by a cloud of flame (18 damage)
             ... on level 1 of the Dungeon.
             The game lasted 00:02:35 (1172 turns).

Jarnaxa the Gusty (Deep Elf Air Elementalist)       Turns: 1172, Time: 00:02:36

Health: -3/15      AC:  2    Str:  5    XL:     2   Next: 62%
Magic:  8/8        EV: 13    Int: 19    God:
Gold:   66         SH:  0    Dex: 15    Spells: 6/7 levels left

rFire   . . .        (no weapon)
rCold   . . .        (no shield)
rNeg    . . .        a - +0 robe
rPois   .            (no helmet)
rElec   .            (no cloak)
rCorr   .            (no gloves)
SInv    .            (no boots)
Will    .....        (no amulet)
Stlth   ++           (no ring)
HPRegen 0.22/turn    (no ring)
MPRegen 0.11/turn

%: no passive effects
@: no status effects
A: no striking features
a: no special abilities


You were on level 1 of the Dungeon.
You visited 1 branch of the dungeon, and saw 1 of its levels.

You collected 66 gold pieces.

Inventory:

Armour
 a - a +0 robe (worn)
Jewellery
 f - a ring of magical power
Scrolls
 e - a scroll of fog
 j - a scroll of noise
Potions
 b - a potion of magic
 c - a potion of heal wounds {unknown}
 d - a potion of mutation {unknown}
 g - a potion of might {unknown}


   Skills:
 + Level 2.9 Dodging
 + Level 2.4 Stealth
 + Level 3.3 Spellcasting
 + Level 1.5 Conjurations
 + Level 3.3 Air Magic


You had 6 spell levels left.
You knew the following spells:

 Your Spells              Type           Power      Damage    Failure   Level
a - Shock                 Conj/Air       48%        1d6       5%          1

Your spell library contained the following spells:

 Spells                   Type           Power      Damage    Failure   Level
 Static Discharge         Conj/Air       24%        2-3/arc   9%          2
 Swiftness                Air            15%        N/A       11%         3
 Freeze                   Ice            12%        1d3       14%         1
 Hailstorm                Conj/Ice       6%         3d4       32%         3
 Airstrike                Air            7%         2d(2-18)  36%         4
 Frozen Ramparts          Ice            6%         1d1       41%         3


Dungeon Overview and Level Annotations

Branches:
Dungeon (1/15)

Altars:


Message History

There are monsters nearby!
There are monsters nearby!
The zap hits the bat.
You kill the bat!
The zap hits the ball python.
You kill the ball python!
Magic restored.
Found 5 stones and a leather armour.
You see here a +0 leather armour.
An endoplasm comes into view.
An endoplasm is nearby!
The zap hits the endoplasm.
You kill the endoplasm!
You can't see any susceptible monsters within range! (Use Z to cast anyway.)
There is an escape hatch in the floor here.
Partly explored, can't reach some items and places.
Partly explored, can't reach some items and places.
Partly explored, can't reach some items and places.
As you read the scroll labelled PIOQA GIPPUEGA, it crumbles to dust.
The scroll dissolves into smoke.
It was a scroll of fog.
Blink to where?
Press: ? - help, Dir - move target
As you read the scroll labelled DOR LIRATAACW, it crumbles to dust.
It was a scroll of blinking.
j - 2 scrolls labelled YHAIRA VEC QUM (gained 1)
You pick up a book of Frost and begin reading...
You add the spells Freeze, Frozen Ramparts and Hailstorm to your library.
You now have 66 gold pieces (gained 16).
As you read the scroll labelled ZAIRGH IXYCS, it crumbles to dust.
It is a scroll of enchant weapon.
You aren't carrying any weapons that can be enchanted.
As you read the scroll labelled YHAIRA VEC QUM, it crumbles to dust.
You hear a loud clanging noise!
It was a scroll of noise.
Really walk into a travel-excluded area?
Uppercase [Y]es or [N]o only, please.
Really walk into a travel-excluded area?
You are engulfed in blazing flames.
Ouch! That really hurt!
You die...

...#..###........................
##.#..###.................#.####.
##.#.............................
...#...##..#.#..............)....
##...............................
##.#......#####...#####.#.#......
##.....#### #☼§§# #...#.####.
##.#......# #§§§# #...#.#....
#......§§# #☼@°# #.......##.
##.##.###§#####...#####..........
##....# #.§○☼○.....§°§......#.###
.####.# #§.§§°.....☼§§...####.# #
..###.# ##.§§☼...()§§☼....###.# #
...##.# ######...#####.......# #
...##.##### #§°☼# #......## #
....#.....# #§§§# #....#.####
#...####### #.§☼# ###........


There were no monsters in sight!

Vanquished Creatures
  2 bats (D:1)
  An endoplasm (D:1)
  A giant cockroach (D:1)
  2 goblins (D:1)
  2 hobgoblins (D:1)
  A quokka (D:1)
  6 ball pythons (D:1)
  2 frilled lizards (D:1)
  A rat (D:1)
18 creatures vanquished.

Vanquished Creatures (others)
  A kobold (D:1)
1 creature vanquished.

Grand Total: 19 creatures vanquished

Notes
Turn   | Place    | Note
-------+----------+-------------------------------------------
     0 | D:1      | Jarnaxa the Deep Elf Air Elementalist began the quest for
                  | the Orb.
     0 | D:1      | Reached XP level 1. HP: 10/10 MP: 6/6
   512 | D:1      | Reached XP level 2. HP: 15/15 MP: 6/8
  1172 | D:1      | Engulfed by a cloud of flame

Illustrated notes

Levels and vault maps discovered:
D:1:      dpeg_arrival_circle_labyrinth_a, layout_basic, lemuel_flame_loot_1

Action                     || total
---------------------------++-------
   Cast: Shock             ||    29
    Use: Scroll            ||     4
 Armour: Robe              ||     1
  Dodge: Dodged            ||     1
